 Dungeon Crawl Stone Soup version 0.21-a0-591-g2314aa1 (webtiles) character file.

18 Amnesiac the Vexing (level 2, -1/28 HPs)
             Began as an Ogre Arcane Marksman on Dec 22, 2017.
             Slain by a worm (2 damage)
             ... on level 2 of the Dungeon.
             The game lasted 00:01:42 (875 turns).

Amnesiac the Vexing (Ogre Arcane Marksman)           Turns: 875, Time: 00:01:43

Health: -1/28      AC:  3    Str: 13    XL:     2   Next: 70%
Magic:  2/4        EV: 10    Int: 14    God:
Gold:   12         SH:  0    Dex:  9    Spells: 1/4 levels left

rFire    . . .     SeeInvis .   j - +0 whip
rCold    . . .     Gourm    .   (no shield)
rNeg     . . .     Faith    .   a - +0 robe
rPois    .         Spirit   .   (helmet restricted)
rElec    .         Reflect  .   (no cloak)
rCorr    .         Harm     .   (gloves unavailable)
MR       .....                  (boots unavailable)
Stlth    +.........             (no amulet)
HPRegen  0.09/turn              (no ring)
MPRegen  0.09/turn              (no ring)

@: no status effects
A: large, unfitting armour, tough skin 1
a: no special abilities


You were on level 2 of the Dungeon.
You were not hungry.

You visited 1 branch of the dungeon, and saw 3 of its levels.

You collected 12 gold pieces.

Inventory:

Hand Weapons
 j - a +0 whip (weapon)
Missiles
 c - a large rock (quivered)
 d - 2 throwing nets
Armour
 a - a +0 robe (worn)
Scrolls
 e - a scroll of magic mapping {!r, unknown}
 g - a scroll of identify {!r, unknown}
 i - a scroll of remove curse {!r, unknown}
 k - a scroll of enchant armour {!r, unknown}
Books
 b - a book of Debilitation

   Spells                             Type                      Level
   a - Corona                         Hexes                        1
   b - Slow                           Hexes                        2
   c - Inner Flame                    Hexes/Fire                   3
   d - Portal Projectile              Hexes/Translocation          3
   e - Cause Fear                     Hexes                        4
   f - Leda's Liquefaction            Hexes/Earth                  4
Comestibles
 f - 2 rations
 h - 2 chunks of flesh


   Skills:
 + Level 2.0 Fighting
 * Level 2.5 Throwing
 - Level 1.7 Dodging
 + Level 1.6 Spellcasting
 + Level 2.9 Hexes


You had one spell level left.
You knew the following spells:

 Your Spells              Type           Power        Failure   Level  Hunger
a - Corona                Hex            #......      8%          1    ##.....
e - Slow                  Hex            #.......     11%         2    ###....


Dungeon Overview and Level Annotations

Branches:
Dungeon (3/15)

Altars:


Innate Abilities, Weirdness & Mutations

You are too large for most types of armour.
You have tough skin. (AC +1)


Message History

You hit the bat.
The bat is severely wounded.
The bat hits you.
You hit the bat.
You kill the bat!
Your Fighting skill increases to level 2!
You barely miss the goblin. The goblin misses you.
Casting: Corona
Confirm with . or Enter, or press ? or * to list all spells.
Aiming: Corona
Press: ? - help, Shift-Dir - straight line, f - goblin
Aim: a goblin, wielding a club (chance to defeat MR: 62%)
The goblin is outlined in light.
The goblin hits you but does no damage.
You closely miss the goblin. The goblin hits you but does no damage.
You hit the goblin.
You kill the goblin!
The worm bites you!
Things that are here:
a club; a goblin corpse
Casting: Corona
Confirm with . or Enter, or press ? or * to list all spells.
Aiming: Corona
Press: ? - help, Shift-Dir - straight line, f - worm
Aim: a worm (chance to defeat MR: 52%)
The worm struggles to resist.
You hit the worm.
The worm is moderately wounded.
The worm bites you.
* * * LOW HITPOINT WARNING * * *
You barely miss the worm.
The worm is moderately wounded.
The worm bites you.
* * * LOW HITPOINT WARNING * * *
A kobold comes into view.
The kobold shouts!
The kobold closely misses you.
You hit the kobold but do no damage. The kobold misses you.
Throwing (i - inventory. (,) - cycle):
c - 4 large rocks (quivered)
Press: ? - help, Shift-Dir - straight line, f/p - worm
Aim: a worm (lightly wounded)
You throw a large rock.
The large rock hits the worm but does no damage.
The worm is lightly wounded.
The kobold hits you.
* * * LOW HITPOINT WARNING * * *
The kobold hits you but does no damage.
Unknown command.
Throwing (i - inventory. (,) - cycle):
c - 3 large rocks (quivered)
Press: ? - help, Shift-Dir - straight line, f/p - worm
Aim: a worm (lightly wounded)
You throw a large rock. The large rock barely misses the worm.
The kobold hits you.
* * * LOW HITPOINT WARNING * * *
The worm misses you.
Unknown command.
Throwing (i - inventory. (,) - cycle):
c - 2 large rocks (quivered)
Press: ? - help, Shift-Dir - straight line, f/p - worm
Aim: a worm (lightly wounded)
You throw a large rock. The large rock hits the worm.
The worm is moderately wounded.
The kobold hits you.
* * * LOW HITPOINT WARNING * * *
The worm bites you.
You die...

# ##### ..# #
#.... ..# #.
...### ..#.
#####. ...
##..... #####.##
##..####
##w(##g.# #..##
#@##)#..###.####
##K##..........#
#.#####......#
.# #......# #
#.........
#......##.
..w...## .
##...#... .
#...######


You could see a worm and a kobold.

Vanquished Creatures
  A leopard gecko (D:1)
  5 giant cockroaches
  2 goblins (D:2)
  A quokka (D:2)
  A ball python (D:3)
  3 bats
  3 kobolds
  A rat (D:2)
17 creatures vanquished.

Notes
Turn   | Place    | Note
-------+----------+-------------------------------------------
     0 | D:1      | Amnesiac the Ogre Arcane Marksman began the quest for the Orb.
     0 | D:1      | Reached XP level 1. HP: 19/19 MP: 2/2
   317 | D:1      | Reached XP level 2. HP: 19/28 MP: 2/4
   361 | D:1      | Learned a level 2 spell: Slow
   661 | D:3      | Noticed an ogre
   875 | D:2      | HP: 1/28 [kobold (2)]
   875 | D:2      | Slain by a worm

Vault maps used:
D:1:      lemuel_arrival_funnel, minmay_pentomino_r2
D:2:      marbit_many_paths, brannock_xom_greatest_gift
D:3:      nicolae_overflow_crystal_walls, nrook_mini_vaults

Skill      XL: |  1  2 |
---------------+-------+-----
Fighting       | 2 |  2.0
Throwing       | |  2.5
Dodging        | |  1.7
Spellcasting   | |  1.6
Hexes          | |  2.9

Action                   || total
-------------------------++-------
Melee: Unarmed           ||    57
       Whip              ||    35
Throw: Large rock        ||     5
 Cast: Corona            ||    22
       Slow              ||     1
  Eat: Chunk             ||     1
Armor: Robe              ||    42
Dodge: Dodged            ||    63

Table legend:
 A = Spawn XP
 B = Non-spawn XP
 C = Spawn XP percentage of total XP
 D = Spawn monster count
 E = Non-spawn monster count
 F = Spawn count percentage of total count
 G = Total turns spent on level
                    A         B        C        D         E        F      G
               +---------+---------+-------+---------+---------+-------+---------
         Total |       0 |      27 |   0.0 |       0 |      17 |   0.0 |   875
               +---------+---------+-------+---------+---------+-------+---------
           D:1 |       0 |      13 |   0.0 |       0 |       8 |   0.0 |   607
           D:2 |       0 |      11 |   0.0 |       0 |       7 |   0.0 |   237
           D:3 |       0 |       3 |   0.0 |       0 |       2 |   0.0 |    31
               +---------+---------+-------+---------+---------+-------+---------
